 Dungeon Crawl Stone Soup version 0.29-a0-82-g837932c90e (webtiles) character file.

Game seed: 10553180401292207871

8 HallandMoats the Skirmisher (level 2, 19/24 HPs)
             Began as a Demonspawn Fighter on Feb 5, 2022.
             Got out of the dungeon alive.
             The game lasted 00:00:18 (165 turns).

HallandMoats the Skirmisher (Demonspawn Fighter)     Turns: 165, Time: 00:00:18

Health: 19/24      AC:  6    Str: 16    XL:     2   Next: 0%
Magic:  2/2        EV:  8    Int:  9    God:
Gold:   0          SH:  4    Dex: 12    Spells: 1/1 levels left

rFire   . . .      SeeInvis .   a - +0 war axe
rCold   . . .      Faith    .   c - +0 buckler
rNeg    . . .      Spirit   .   b - +0 scale mail
rPois   .          Reflect  .   (no helmet)
rElec   .          Harm     .   (no cloak)
rCorr   .          Rampage  .   (no gloves)
Will    .....                   (no boots)
Stlth   ..........              (no amulet)
HPRegen 0.08/turn               (no ring)
MPRegen 0.08/turn               (no ring)

@: no status effects
A: foul stench 1
a: no special abilities


You escaped.
You visited 1 branch of the dungeon, and saw 1 of its levels.

Inventory:

Hand Weapons
 a - a +0 war axe (weapon)
Armour
 b - a +0 scale mail (worn)
 c - a +0 buckler (worn)
Scrolls
 e - a scroll of identify {unknown}
Potions
 d - a potion of might


   Skills:
 * Level 3.1 Fighting
 * Level 1.9 Axes
 + Level 2.7 Armour
 + Level 0.1 Dodging
 + Level 2.7 Shields
 * Level 1.0 Invocations


You had one spell level left.
You didn't know any spells.
Your spell library was empty.

Dungeon Overview and Level Annotations

Branches:
Dungeon (1/15)

Altars:


Innate Abilities, Weirdness & Mutations

You may rarely emit foul miasma when damaged in melee.


Message History

The goblin is almost dead.
The goblin hits you but does no damage. The goblin hits you with a +0 dagger.
You slash the goblin!
You kill the goblin!
You barely miss the rat. The rat bites you but does no damage.
You hit the goblin.
The goblin is almost dead.
You barely miss the rat. The goblin barely misses you.
You block the rat's attack. The goblin closely misses you. The rat bites you.
You hit the goblin.
You kill the goblin!
You hit the rat.
A rat comes into view.
A frilled lizard comes into view.
You block the rat's attack.
The frilled lizard hisses angrily.
You slash the rat!
You kill the rat!
You see here a rat corpse.
You miss the frilled lizard. You closely miss the rat.
The rat closely misses you. The frilled lizard bites you.
You hit the frilled lizard.
You kill the frilled lizard!
You closely miss the rat. The rat bites you but does no damage.
The rat closely misses you.
You hit the rat but do no damage. You block the rat's attack.
You barely miss the rat. The rat closely misses you. The rat bites you.
You barely miss the rat. The rat bites you but does no damage.
You slash the rat!
You kill the rat!
Your Invocations skill increases to level 1!
You have reached level 2!
Your demonic ancestry asserts itself...
You begin to emit a foul stench of rot and decay.
(D) Dungeon
Where to? (? - help)
What level of the Dungeon? (default 1, ? - help)
Found a scroll labelled DIMUPLENEU.
There is a staircase leading out of the dungeon here.
Are you sure you want to leave the Dungeon?
This will make you lose the game!
You have escaped!

........#+#...####.....
...####.......### .....
...####.#.#.....# .....
........#.....#.##.....
...#....#..........#
.................8.####
#.#####.#..#.....§§§≈≈#
.................§≈§≈≈#
#..####.#...8..8@§≈§≈>#
..................≈§§§#
...................≈≈≈#
#.#..............8.####
.............#.....#
....................?
...#..................
##.#.##.##...#######.##
......#.##...# ..


There were no monsters in sight!

Vanquished Creatures
  A ball python (D:1)
  A giant cockroach (D:1)
  2 goblins (D:1)
  A frilled lizard (D:1)
  A kobold (D:1)
  2 rats (D:1)
8 creatures vanquished.

Notes
Turn   | Place    | Note
-------+----------+-------------------------------------------
     0 | D:1      | HallandMoats the Demonspawn Fighter began the quest for the
                  | Orb.
     0 | D:1      | Reached XP level 1. HP: 18/18 MP: 1/1
   146 | D:1      | Reached skill level 1 in Invocations
   146 | D:1      | Gained mutation: You may rarely emit foul miasma when
                  | damaged in melee. [demonic ancestry]
   146 | D:1      | Reached XP level 2. HP: 18/24 MP: 2/2
   165 | D:$      | Got out of the dungeon alive.

Illustrated notes

Levels and vault maps discovered:
D:1:      grunt_arrival_lava_bath, layout_basic

Skill      XL: |  1 |
---------------+----+-----
Invocations    | 1 |  1.0
Fighting       | |  3.1
Axes           | |  1.9
Armour         | |  2.7
Dodging        | |  0.1
Shields        | |  2.7

Action                   || total
-------------------------++-------
Melee: War axe           ||    31
Armor: Scale mail        ||    17
Dodge: Dodged            ||    15
Block: Buckler           ||    10

Table legend: (Time is in decaauts)
 A = Elapsed time spent in this place.
 B = Non-inter-level travel time spent in this place.
 C = Inter-level travel time spent in this place.
 D = Time resting spent in this place.
 E = Time spent auto-exploring this place.
 F = Levels seen in this place.
 G = Mean time per level.
                   A        B        C        D        E       F      G
               +--------+--------+--------+--------+--------+-----+--------+
         Total |    179 |    161 |     18 |      0 |     97 |   1 |  179.0 |
       Dungeon |    179 |    161 |     18 |      0 |     97 |   1 |  179.0 |
               +--------+--------+--------+--------+--------+-----+--------+

Top non-repeatable levels by time:
     D:1: 179 daAuts
